 Dungeon Crawl Stone Soup version 0.31-a0-175-g9f7f995f2b (webtiles) character file.

Game seed: 13231379560937567173

28 qw the Shooter (level 3, 0/21 HPs)
             Began as a Gargoyle Hunter on June 16, 2023.
             Slain by a jackal (3 damage)
             ... on level 1 of the Dungeon.
             The game lasted 00:00:16 (688 turns).

qw the Shooter (Gargoyle Hunter)                     Turns: 688, Time: 00:00:16

Health: 0/21       AC:  8    Str: 14    XL:     3   Next: 14%
Magic:  3/3        EV: 10    Int:  9    God:
Gold:   41         SH:  0    Dex: 15    Spells: 2/2 levels left

rFire   . . .        Y - +0 shortbow
rCold   . . .        (shield currently unavailable)
rNeg    + . .        d - +0 ring mail
rPois   inf          (no helmet)
rElec   +            (no cloak)
rCorr   .            (no gloves)
SInv    .            (no boots)
Will    .....        (no amulet)
Stlth   +            (no ring)
HPRegen 0.23/turn    (no ring)
MPRegen 0.08/turn

%: no passive effects
@: no status effects
A: sickness immunity, AC +3, negative energy resistance 1, electricity
resistance, torment resistance 1, petrification resistance
a: no special abilities


You were on level 1 of the Dungeon.
You visited 1 branch of the dungeon, and saw 2 of its levels.

You collected 41 gold pieces.


Innate Abilities, Weirdness & Mutations

You are immune to sickness and miasma.
Your stone body is resilient. (AC +3)
You are immune to poison.
You resist negative energy. (rN+)
You are resistant to electric shocks. (rElec)
You are resistant to unholy torment.
You are immune to petrification.


   Skills:
 - Level 2.1 Fighting
 - Level 4.9 Ranged Weapons
 + Level 0.2 Armour
 - Level 1.5 Dodging
 - Level 1.1 Stealth


You had 2 spell levels left.
You didn't know any spells.
Your spell library was empty.

Inventory:

Hand Weapons
 Y - a +0 shortbow (weapon)
Armour
 d - a +0 ring mail (worn)
Potions
 e - a potion of lignification {unknown}

Dungeon Overview and Level Annotations

Branches:
Dungeon (2/15)

Altars:


Message History

The arrow hits the jackal but does no damage.
The jackal is moderately wounded.
The jackal bites you but does no damage.
The jackal barely misses you. The kobold hits you with a +0 whip.
The jackal bites you. The jackal barely misses you.
You shoot an arrow. The arrow barely misses the jackal.
The jackal barely misses you. The jackal completely misses you.
The kobold closely misses you.
You shoot an arrow. The arrow barely misses the jackal.
The jackal closely misses you.
The jackal bites you but does no damage.
The kobold hits you with a +0 whip.
The jackal bites you but does no damage.
The jackal closely misses you. The kobold barely misses you.
You shoot an arrow. The arrow closely misses the jackal.
The jackal bites you but does no damage.
The jackal bites you.
The jackal bites you but does no damage.
The jackal barely misses you. The kobold hits you but does no damage.
You shoot an arrow. The arrow misses the jackal.
The jackal bites you but does no damage.
The jackal bites you. The kobold hits you but does no damage.
The jackal closely misses you. The jackal barely misses you.
You shoot an arrow. The arrow hits the jackal!
You kill the jackal!
The jackal closely misses you. The kobold barely misses you.
The jackal bites you but does no damage.
You shoot an arrow. The arrow barely misses the kobold.
The kobold misses you. The jackal closely misses you.
The kobold barely misses you.
You shoot an arrow. The arrow closely misses the kobold.
The jackal bites you. The jackal barely misses you.
The kobold hits you but does no damage.
You shoot an arrow. The arrow hits the kobold!
You kill the kobold!
The jackal barely misses you. The jackal misses you.
You shoot an arrow. The arrow hits the jackal.
The jackal is severely wounded.
The jackal bites you.
You die...

#### #... #.##
#.## #############
#.## #...........#
#)##
#.##........###..#
#.##........#....#
#@)#........'....#
#.h.........#....#
#.#.........#....#
#.##........####.#
#.................
###...####.#.###..
#...# #.#.# #.#
#...####.#.#####
##..............


You could see a jackal.

Vanquished Creatures
  A dart slug (D:1)
  6 ball pythons (D:1)
  2 endoplasms (D:1)
  3 goblins (D:1)
  A hobgoblin (D:1)
  A jackal (D:1)
  5 bats (D:1)
  2 frilled lizards (D:1)
  A kobold (D:1)
  3 rats (D:1)
25 creatures vanquished.

Notes
Turn   | Place    | Note
-------+----------+-------------------------------------------
     0 | D:1      | qw the Gargoyle Hunter began the quest for the Orb.
     0 | D:1      | Reached XP level 1. HP: 12/12 MP: 1/1
     0 | D:1      | 0 ||| qw: Version: 0.2-a-29-g511e9b1
     0 | D:1      | 0 ||| qw: Game counter: 5709
     0 | D:1      | 0 ||| qw: Always use a shield: true
     0 | D:1      | 0 ||| qw: God list: Okawaru
     0 | D:1      | 0 ||| qw: Allow faded altars: false
     0 | D:1      | 0 ||| qw: Do Orc after D:15 true
     0 | D:1      | 0 ||| qw: Do second Lair branch before Depths: true
     0 | D:1      | 0 ||| qw: Lair rune preference: random
     0 | D:1      | 0 ||| qw: Plans: Normal, Zot:1-4, Slime:5, God:TSO, Crypt,
                  | Tomb, Abyss, Pan, Hells, Win
     0 | D:1      | 0 ||| PLANNING D:1-11
    80 | D:1      | Reached XP level 2. HP: 17/17 MP: 2/2
   337 | D:1      | Reached XP level 3. HP: 21/21 MP: 3/3
   628 | D:1      | 628 ||| UPGRADING to +0 ring mail.
   638 | D:1      | 638 ||| DROPPING +0 leather armour.
   639 | D:1      | 639 ||| READING scroll labelled CUTHUU BAHOAN.
   642 | D:1      | 642 ||| DROPPING scroll of butterflies.
   676 | D:2      | 676 ||| STAIRDANCE
   682 | D:1      | HP: 4/21 [jackal (3)]
   688 | D:1      | Slain by a jackal

Levels and vault maps discovered:
D:1:      saegor_arrival_simple_e, layout_basic
D:2:      layout_basic, basic_altar

Action                     || total
---------------------------++-------
   Fire: Shortbow          ||    69
    Use: Scroll            ||     1
 Armour: Leather armour    ||     9
         Ring mail         ||    14
  Dodge: Dodged            ||    34

Table legend:
 A = Non-vault XP
 B = Vault XP
 C = Vault XP percentage of total XP
 D = Non-vault monster count
 E = Vault monster count
 F = Vault count percentage of total count
                 A         B        C        D         E       F
            +---------+---------+-------+---------+---------+-------
      Total |      41 |       0 |   0.0 |      25 |       0 |   0.0
            +---------+---------+-------+---------+---------+-------
        D:1 |      41 |       0 |   0.0 |      25 |       0 |   0.0
            +---------+---------+-------+---------+---------+-------
